 Dungeon Crawl Stone Soup version 0.30-a0-845-g7c6808c8ce (webtiles) character file.

Game seed: 344365741253651019

26848 Wobber the Cleaver (level 13, -3/119 HPs)
             Began as a Hill Orc Fighter on Mar 2, 2023.
             Was a High Priest of the Shining One.
             Slain by a yak (6 damage)
             ... on level 4 of the Lair of Beasts.
             The game lasted 00:56:27 (16076 turns).

Wobber the Cleaver (Hill Orc Fighter)              Turns: 16076, Time: 00:56:28

Health: -3/119     AC: 26    Str: 27    XL:     13   Next: 28%
Magic:  13/21      EV:  5    Int:  8    God:    the Shining One [*****.]
Gold:   795        SH:  6    Dex: 10    Spells: 12/12 levels left

rFire   + . .      SeeInvis .    b - +8 whip "Snakebite" {venom, curare, rPois}
rCold   . . .      Faith    .    c - +0 buckler
rNeg    + + .      Spirit   .    F - +2 chain mail {rPois}
rPois   +          Reflect  .    j - +2 helmet
rElec   .          Rampage  .    K - +0 cloak
rCorr   .                        E - +2 pair of gloves {Str+3}
Will    .....                    W - +2 pair of boots of Unambiguity {+Blink} Stlth
                                 B - amulet of the acrobat
HPRegen 0.39/turn                Q - ring of protection from fire
MPRegen 0.17/turn                C - ring of poison resistance

@: about to teleport, petrifying, glowing, studying Long Blades, very slow
A: no striking features
a: Renounce Religion, Evoke Blink, Divine Shield, Cleansing Flame, Summon Divine
Warrior


You were on level 4 of the Lair of Beasts.
You worshipped the Shining One.
The Shining One was extremely pleased with you.
You visited 2 branches of the dungeon, and saw 15 of its levels.
You also visited: Bailey.

You collected 795 gold pieces.

Inventory:

Hand Weapons
 a - a +1 war axe
 b - the +8 whip "Snakebite" (weapon) {venom, curare, rPois}
   (You found it on level 2 of the Lair of Beasts)

   rPois:     It protects you from poison.
 r - a +0 sling
Missiles
 e - 22 poisoned darts
 f - 123 stones (quivered)
 z - 6 boomerangs
 A - a curare-tipped dart
 O - a boomerang of dispersal
 R - 5 atropa-tipped darts
 T - a throwing net
 U - 7 datura-tipped darts
Armour
 c - a +0 buckler (worn)
 h - the +1 ring mail "Zorchace" {rElec rN++ MP-9 Str+2}
   (You found it in a bailey)

   Str:       It affects your strength (+2).
   rElec:     It insulates you from electricity.
   rN:        It greatly protects you from negative energy.
   MP:        It affects your magic capacity (-9).
 j - a +2 helmet (worn)
 E - a +2 pair of gloves of strength (worn)
 F - a +2 chain mail of poison resistance (worn)
 K - a +0 cloak (worn)
 W - the +2 pair of boots of Unambiguity (worn) {+Blink}
   (You found it on level 11 of the Dungeon)

   +Blink:    It lets you blink.
Magical Staves
 G - a staff of poison
Jewellery
 B - an amulet of the acrobat (around neck)
 C - a ring of poison resistance (right hand)
 Q - a ring of protection from fire (left hand)
 V - a ring of wizardry
Wands
 q - a wand of flame (5)
 s - a wand of mindburst (8)
 L - a wand of acid (5)
Scrolls
 l - 5 scrolls of fog
 n - a scroll of blinking
 o - 7 scrolls of identify
 t - 3 scrolls of amnesia
 v - 2 scrolls of enchant armour
 x - 3 scrolls of fear
 y - 4 scrolls of enchant weapon
 D - 2 scrolls of silence {unknown}
 I - a scroll of poison
Potions
 d - a potion of might
 g - 3 potions of lignification
 i - 2 potions of flight
 k - 2 potions of magic
 m - a potion of ambrosia
 p - 3 potions of attraction
 w - 2 potions of mutation
 H - a potion of brilliance
 M - a potion of cancellation
 N - 2 potions of berserk rage


   Skills:
 + Level 12.5 Fighting
 + Level 13.0 Axes
 - Level 1.6 Throwing
 + Level 11.3 Armour
 + Level 4.7 Dodging
 + Level 10.5 Shields
 + Level 11.8 Invocations
 + Level 0.7 Evocations


You had 12 spell levels left.
You didn't know any spells.
Your spell library contained the following spells:

 Spells                   Type           Power      Damage    Failure   Level
 Sting                    Tmut/Pois      0%         1d3       92%         1
 Poisonous Vapours        Pois/Air       0%         N/A       98%         2
 Call Canine Familiar     Summ           0%         N/A       100%        3
 Dazzling Flash           Conj/Hex       0%         N/A       100%        3
 Frozen Ramparts          Ice            0%         1d1       100%        3
 Portal Projectile        Hex/Tloc       0%         N/A       100%        3
 Ice Form                 Ice/Tmut       0%         N/A       100%        4
 Iskenderun's Mystic Bla  Conj/Tloc      0%         2d3       100%        4
 Leda's Liquefaction      Hex/Erth       0%         N/A       100%        4
 Olgreb's Toxic Radiance  Pois           0%         N/A       100%        4
 Summon Ice Beast         Ice/Summ       0%         N/A       100%        4
 Agony                    Necr           0%         N/A       100%        5
 Silence                  Hex/Air        0%         N/A       100%        5
 Starburst                Conj/Fire      0%         6d3       100%        6


Dungeon Overview and Level Annotations

Branches:
Dungeon (11/15)            Temple (0/1) D:7            Lair (4/5) D:10
 Shoals (0/4) Lair:3        Snake (0/4) Lair:3          Orc (0/2) D:9
 Bailey (visited)
  Slime: Lair:4-5

Altars:
Cheibriados
Dithmenos
Fedhas
Gozag
Hepliaklqana
Kikubaaqudgha
Makhleb
Nemelex Xobeh
Okawaru
Ru
Sif Muna
Vehumet
Wu Jian
Xom
Zin
The Shining One
Beogh

Shops:
D:4 *   D:5 (

Annotations:
D:8 2 transporters, Zvl3's ghost, novice TrFi


Message History

You are slowing down.
The water moccasin bites you but does no damage.
The seven-headed hydra is engulfed in calcifying dust.
Activating: Cleansing Flame (2% risk of failure)
Press: ? - help, Dir - look around, f - activate The golden flame engulfs you but does no damage.
You resist.
The golden flame engulfs the yak!
The yak is heavily wounded.
The golden flame engulfs the water moccasin!!
You kill the water moccasin!
The golden flame engulfs the catoblepas.
The catoblepas is moderately wounded.
The golden flame engulfs the seven-headed hydra!!
The seven-headed hydra is severely wounded.
The golden flame engulfs the plant!!
The plant begins to die.
The plant is lightly damaged.
The golden flame engulfs your daeva.
Your daeva completely resists.
Your daeva is lightly wounded.
You are engulfed in calcifying dust.
You hear an angry hiss.
You hear a bellow!
Your daeva is no longer petrified.
A wolf comes into view.
The yak gores you but does no damage.
Your daeva is engulfed in calcifying dust.
Your daeva is moving more slowly.
Your daeva hits the seven-headed hydra with a +3 scimitar of holy wrath!
Your daeva chops one of the seven-headed hydra's heads off!
The six-headed hydra grows two more!
Your daeva hits the eight-headed hydra with a +3 scimitar of holy wrath!!
Your daeva slices one of the eight-headed hydra's heads off!
The seven-headed hydra grows two more!
The nine-headed hydra is engulfed in calcifying dust. x2
The catoblepas breathes a plume of calcifying dust at you.
The blast of calcifying dust hits you.
* * * LOW HITPOINT WARNING * * *
The blast of calcifying dust hits the nine-headed hydra!
The blast of calcifying dust hits your daeva.
The yak gores you!
You die...

.# #h# . . #.... . ♣..#
.+. ♣.♣.♣ .. ♣..###.#
#.... #.. ♣..##$# ♣.♣.♣
....♣♣P..#.### ♣....
....P.YY.....# #♣.♣.♣
....P..@...P#### ##...#.
......#D...###.###......
......†A...........#P##.
..?..#P...#.##.##.#####.
#### ##..#####.#.## #.
##.# #### #. ..# ## #..#
## ##+# #.


You could see a catoblepas (very poisoned, slow, ally target), a nine-headed
hydra (petrified, very poisoned), a yak, a wolf and a friendly daeva (summoned,
petrifying).

Vanquished Creatures
  Harold (D:10)
  3 two-headed ogres
  2 skysharks (Lair:1)
  Pikel (D:6)
  A necromancer (Lair:3)
  5 elephants
  A gargoyle (Bailey)
  4 black mambas
  4 cane toads
  2 rime drakes
  5 komodo dragons
  2 tengu conjurers (D:10)
  Grinder (D:5)
  A troll (D:9)
  A hornet (D:9)
  A raiju (shapeshifter) (D:9)
  5 blink frogs (Lair:1)
  3 wyverns
  30 yaks
  A vampire (Bailey)
  A basilisk (Lair:4)
  A steam dragon (D:8)
  18 water moccasins
  An acid dragon (D:10)
  2 black bears
  4 ice beasts
  An orc warrior (D:8)
  A sky beast (D:7)
  3 ogres
  A phantom (D:6)
  A centaur (D:6)
  5 wolves
  2 kobold brigands
  3 scorpions
  16 bullfrogs
  A necrophage (D:5)
  5 wights (D:10)
  20 killer bees
  7 vampire bats (Bailey)
  5 wolf zombies (Bailey)
  2 howler monkeys
  4 gnoll boudas
  A hound (D:6)
  6 orc priests
  2 jellies
  13 hell rats
  8 orc wizards
  2 iguanas
  4 yak simulacra (Lair:3)
  5 polar bear simulacra (Lair:3)
  A wolf simulacrum (Lair:3)
  11 gnolls
  12 adders
  A shadow imp (D:7)
  A white imp (D:7)
  2 ufetubi (D:6)
  2 worms (D:3)
  2 dart slugs
  45 orcs
  8 endoplasms
  A giant cockroach (D:3)
  9 goblins
  4 hobgoblins
  11 jackals
  6 kobolds
  6 quokkas
  6 ball pythons
  3 bats
  A frilled lizard (D:2)
  24 orc zombies (Bailey)
  3 rats
  A river rat simulacrum (Lair:3)
379 creatures vanquished.

Vanquished Creatures (collateral kills)
  A cane toad (Lair:2)
  A rime drake (Lair:4)
  A basilisk (Lair:2)
  A water moccasin (Lair:4)
  A bullfrog (Lair:4)
5 creatures vanquished.

Vanquished Creatures (others)
  A bullfrog (Lair:4)
  9 fungi
  22 plants
32 creatures vanquished.

Grand Total: 416 creatures vanquished

Notes
Turn   | Place    | Note
-------+----------+-------------------------------------------
     0 | D:1      | Wobber the Hill Orc Fighter began the quest for the Orb.
     0 | D:1      | Reached XP level 1. HP: 19/19 MP: 1/1
    41 | D:1      | Reached XP level 2. HP: 26/27 MP: 2/2
    43 | D:1      | Reached skill level 3 in Axes
   258 | D:1      | Found a faded altar of an unknown god.
   353 | D:1      | Reached XP level 3. HP: 24/33 MP: 3/3
  1199 | D:2      | Reached XP level 4. HP: 35/40 MP: 4/4
  1256 | D:2      | Reached skill level 1 in Throwing
  1844 | D:3      | Found a glowing golden altar of the Shining One.
  1943 | D:3      | Reached XP level 5. HP: 42/47 MP: 5/5
  1947 | D:3      | Reached skill level 4 in Axes
  2015 | D:3      | Became a worshipper of the Shining One
  2520 | D:4      | Found an ancient bone altar of Kikubaaqudgha.
  2522 | D:4      | Found a blossoming altar of Fedhas.
  2822 | D:4      | Found Rapol's Serpentskin Sales.
  2906 | D:4      | Identified the +5 trident "Zidef" {pain, Drain Str+3}
  2981 | D:4      | Found a sacrificial altar of Ru.
  3066 | D:4      | Found a burning altar of Makhleb.
  3128 | D:5      | Entered Level 5 of the Dungeon
  3263 | D:5      | Reached XP level 6. HP: 55/55 MP: 6/6
  3467 | D:5      | Reached skill level 5 in Fighting
  3467 | D:5      | Reached skill level 1 in Dodging
  3589 | D:5      | Noticed Grinder
  3591 | D:5      | Paralysed by Grinder for 5 turns
  3604 | D:5      | Paralysed by Grinder for 4 turns
  3611 | D:5      | Killed Grinder
  3612 | D:5      | Reached skill level 5 in Axes
  3612 | D:5      | Reached skill level 5 in Armour
  3612 | D:5      | Reached skill level 5 in Shields
  3612 | D:5      | Reached XP level 7. HP: 12/61 MP: 7/7
  3833 | D:5      | Reached * piety under the Shining One
  3870 | D:5      | Found Jufueten's Weapon Shoppe.
  4125 | D:5      | Reached skill level 1 in Invocations
  4306 | D:5      | Reached XP level 8. HP: 31/70 MP: 8/8
  4565 | D:6      | Found a shimmering blue altar of Sif Muna.
  4718 | D:6      | Found a sparkling altar of Nemelex Xobeh.
  4718 | D:6      | Found an opulent altar of Gozag.
  4718 | D:6      | Noticed Pikel
  4728 | D:6      | Killed Pikel
  4729 | D:6      | Reached skill level 6 in Axes
  5131 | D:6      | Reached XP level 9. HP: 79/79 MP: 10/12
  5245 | D:6      | Reached skill level 7 in Axes
  5489 | D:6      | Found an ornate altar of the Wu Jian Council.
  5512 | D:6      | Found a shimmering altar of Xom.
  5515 | D:6      | Found a snail-covered altar of Cheibriados.
  5519 | D:6      | Found an iron altar of Okawaru.
  5826 | D:6      | Reached skill level 5 in Invocations
  6170 | D:7      | Found a glowing silver altar of Zin.
  6238 | D:7      | Reached skill level 8 in Axes
  6272 | D:7      | Found a flagged portal.
  6289 | Bailey   | Entered a bailey
  6363 | Bailey   | Reached ** piety under the Shining One
  6565 | Bailey   | Reached *** piety under the Shining One
  6568 | Bailey   | Reached XP level 10. HP: 88/88 MP: 14/14
  6600 | Bailey   | Noticed a gargoyle
  6616 | Bailey   | Killed a gargoyle
  6852 | Bailey   | Reached **** piety under the Shining One
  6891 | Bailey   | Identified the +1 ring mail "Zorchace" {rElec rN++ MP-9
                  | Str+2}
  7275 | D:7      | Found a staircase to the Ecumenical Temple.
  7652 | D:8      | Found a radiant altar of Vehumet.
  7720 | D:8      | Reached skill level 9 in Axes
  8144 | D:8      | Found a transporter.
  8148 | D:8      | Found a transporter.
  8148 | D:8      | Noticed Zvl3's ghost (novice TrFi)
  8791 | D:9      | Upgraded the game from 0.30-a0-840-ga523dec638 to
                  | 0.30-a0-845-g7c6808c8ce
  8836 | D:9      | Noticed a two-headed ogre
  8858 | D:9      | Killed a two-headed ogre
  8859 | D:9      | Reached XP level 11. HP: 89/97 MP: 15/17
  8913 | D:9      | Reached skill level 10 in Axes
  9087 | D:9      | Noticed a two-headed ogre
  9099 | D:9      | Killed a two-headed ogre
  9785 | D:9      | Found a staircase to the Orcish Mines.
  9817 | D:9      | Found a roughly hewn altar of Beogh.
  9919 | D:10     | Entered Level 10 of the Dungeon
 10004 | D:10     | Reached skill level 10 in Fighting
 10013 | D:10     | Noticed Harold
 10038 | D:10     | Killed Harold
 10051 | D:10     | Noticed a two-headed ogre
 10079 | D:10     | Killed a two-headed ogre
 10289 | D:10     | Reached ***** piety under the Shining One
 10304 | D:10     | Reached skill level 11 in Axes
 10364 | D:10     | Reached skill level 10 in Armour
 10364 | D:10     | Reached skill level 10 in Invocations
 10557 | D:10     | Found a staircase to the Lair.
 10774 | D:10     | Found a hazy altar of Hepliaklqana.
 10885 | D:10     | Found a shadowy altar of Dithmenos.
 10988 | D:11     | Identified the +2 pair of boots of Unambiguity {+Blink}
 11254 | Lair:1   | Entered Level 1 of the Lair of Beasts
 11474 | Lair:1   | Reached XP level 12. HP: 73/110 MP: 19/19
 12457 | Lair:2   | Noticed a skyshark
 12485 | Lair:1   | Killed a skyshark
 12867 | Lair:2   | Reached skill level 12 in Axes
 13167 | Lair:2   | Noticed a skyshark
 13217 | Lair:1   | Killed a skyshark
 13419 | Lair:2   | Reached skill level 10 in Shields
 13985 | Lair:2   | Reached XP level 13. HP: 104/118 MP: 21/21
 14162 | Lair:2   | Found the +8 whip "Snakebite" {venom, curare, rPois}
 15340 | Lair:3   | Found a staircase to the Snake Pit.
 15492 | Lair:3   | Found a staircase to the Shoals.
 15523 | Lair:3   | Reached skill level 13 in Axes
 16076 | Lair:4   | HP: 3/119 [catoblepas/blast of calcifying dust (4)]
 16076 | Lair:4   | Slain by a yak

Illustrated notes

Levels and vault maps discovered:
D:1:      tarquinn_simple_flora_water_f, layout_loops_ring, serial_aquarium,
          aquarium_bridge_square [aquarium_subvault_bridge,
          aquarium_subvault_bridge, aquarium_subvault_wall,
          aquarium_subvault_window], aquarium_bridge_square
          [aquarium_subvault_window, aquarium_subvault_bridge,
          aquarium_subvault_bridge, aquarium_subvault_wall], aquarium_window_2,
          aquarium_window_2, aquarium_window_fake, aquarium_view_2c,
          shapermc_ecumenical_altar_ellora
D:2:      layout_basic
D:3:      layout_rooms, lemuel_tele_altar, grunt_decor_mini_mirrors
D:4:      layout_loops_cross, grunt_temple_overflow_growth_and_decay,
          nicolae_ru_the_path_less_chosen, lightli_temple_of_fire,
          hangedman_decor_points, guppyfry_shop_venom
D:5:      layout_cave_pods, grunt_ministairs_8, serial_bayou_pond_e,
          nicolae_inconvenience_store, uniq_grinder
D:6:      layout_rooms, grunt_temple_overflow_diamond,
          mainiacjoe_overflow_boulevard, mainiacjoe_overflow_alcove_2,
          grunt_temple_overflow_opulence, minmay_quadrilaterals, uniq_pikel
D:7:      layout_basic, mainiacjoe_overflow_tiny_flanked, temple_hall,
          enter_bailey_3, minmay_manual_monstrance
D:8:      layout_basic, nicolae_overflow_crystal_walls, gammafunk_ghost_hive
D:9:      layout_basic, minmay_orc_entry_temple_small
D:10:     layout_loops_ring, riverfiend_overflow_shadow_ancestor,
          lair_entry_dummy, uniq_harold
D:11:     layout_roguey, nicolae_sextant, uniq_erolcha, uniq_erica, uniq_amaemon
Lair:1:   layout_small_grid, st_stairs_4
Lair:2:   minmay_guarded_unrand_snakebite, layout_gridlike, grunt_megastairs_4,
          infiniplex_staircase_pool_2
Lair:3:   layout_cave_pods, elwin_shoals_entry_rooms, dummy_snake_entry,
          eino_house_with_fridge
Lair:4:   layout_roguey, serial_forest, infiniplex_forest_clump_medium,
          infiniplex_forest_corner_1, infiniplex_forest_end_2,
          infiniplex_forest_clump_curved, infiniplex_forest_clump_small,
          infiniplex_forest_end_1, infiniplex_forest_lined_room_3,
          infiniplex_forest_end_1, serial_bayou_pond_b, lemuel_fruit_tree

Skill      XL: |  1  2  3  4  5  6  7  8  9 10 11 12 13 |
---------------+----------------------------------------+-----
Axes           | 3 4 5 6 8 9 11 12 13 | 13.0
Fighting       | 4 5 7 8 9 11 12 | 12.5
Throwing       | 1 |  1.6
Shields        | 4 5 6 7 8 9 10 | 10.5
Armour         | 4 5 6 7 8 10 11 | 11.3
Dodging        | 1 2 4 |  4.7
Invocations    | 1 4 6 8 10 11 | 11.8
Evocations     | |  0.7

Action                     |  1- 3 |  4- 6 |  7- 9 | 10-12 | 13-15 || total
---------------------------+-------+-------+-------+-------+-------++-------
  Melee: War axe           |    88 |   190 |   248 |   712 |    99 ||  1337
         Short sword       |       |     4 |       |       |       ||     4
         Whip              |       |       |       |       |    32 ||    32
   Fire: Sling             |       |     2 |       |     8 |       ||    10
  Throw: Dart              |       |       |       |     7 |       ||     7
 Invoke: Cleansing Flame   |       |       |       |     4 |     2 ||     6
         Divine Shield     |       |       |       |     1 |     2 ||     3
         Summon Divine War |       |       |       |     1 |     1 ||     2
    Use: Potion            |       |     1 |       |     4 |     1 ||     6
         Scroll            |       |       |    12 |    10 |     1 ||    23
 Armour: Scale mail        |    52 |   103 |   137 |    22 |       ||   314
         Skin              |       |     1 |       |       |       ||     1
         Chain mail        |       |       |       |   431 |    88 ||   519
  Dodge: Dodged            |    40 |    74 |   140 |   402 |    51 ||   707
  Block: Buckler           |    13 |    37 |    65 |   259 |    46 ||   420

Table legend: (Time is in decaauts)
 A = Elapsed time spent in this place.
 B = Non-inter-level travel time spent in this place.
 C = Inter-level travel time spent in this place.
 D = Time resting spent in this place.
 E = Time spent auto-exploring this place.
 F = Levels seen in this place.
 G = Mean time per level.
                   A        B        C        D        E       F      G
               +--------+--------+--------+--------+--------+-----+--------+
         Total |  16243 |  15697 |    546 |   2242 |   9804 |  16 | 1015.2 |
       Dungeon |  10627 |  10112 |    515 |    911 |   6759 |  11 |  966.1 |
          Lair |   4814 |   4783 |     31 |   1048 |   2871 |   4 | 1203.5 |
        Bailey |    801 |    801 |      0 |    283 |    174 |   1 |  801.0 |
               +--------+--------+--------+--------+--------+-----+--------+

Top non-repeatable levels by time:
  Lair:1: 1981 daAuts
     D:9: 1599 daAuts
     D:5: 1583 daAuts
     D:6: 1402 daAuts
  Lair:2: 1350 daAuts
  Lair:3: 1340 daAuts
    D:10: 1159 daAuts
     D:1: 876 daAuts
     D:7: 864 daAuts
     D:2: 812 daAuts
  Bailey: 801 daAuts
     D:8: 781 daAuts
     D:4: 766 daAuts
     D:3: 752 daAuts
  Lair:4: 141 daAuts
